Map: Overgrown Facility

Players

llpsybogll

  • Race: Zerg Zerg
  • League: Diamond
  • Spawn Location: 3:00

Brucutu

  • Race: Protoss Protoss
  • League: Platinum
  • Spawn Location: 1:00

JaySlays

  • Race: Protoss Protoss
  • Spawn Location: 7:00

Wolf

  • Race: Zerg Zerg
  • League: Diamond
  • Spawn Location: 9:00

VOD

Have the link to the VOD?

Description

Time

  • Played on: April 22, 2018, 3 a.m.
  • Length: 9:27
Show
View Real Time Build Order
Export as new Build Order

llpsybogll Zerg 

Build Orders: Hatch First 

Get SALT Encoding   

  12  0:01  Drone  
  13  0:08  Drone  
  14  0:18  Overlord  
  14  0:36  Drone x3  
  17  0:47  Drone  
  18  0:59  Hatchery  
  18  1:01  Drone  
  18  1:10  Drone  
  19  1:20  Spawning Pool  
  19  1:21  Drone  
  19  1:30  Drone  
  20  1:41  Drone  
  21  1:50  Hatchery  
  21  1:53  Drone  
  21  1:54  Extractor  
  20  2:06  Queen  
  20  2:08  Overlord  
  22  2:12  Drone  
  23  2:16  Drone  
  24  2:23  Queen  
  24  2:28  Drone  
  27  2:33  Drone  
  27  2:34  Drone  
  29  2:43  Drone  
  30  2:48  Drone  
  30  2:51  Drone  
  32  2:56  Metabolic Boost  
  32  2:58  Drone  
  33  3:00  Overlord  
  33  3:03  Drone  
  33  3:05  Drone  
  35  3:09  Queen  
  38  3:12  Zergling x2  
  38  3:15  Zergling x2  
  38  3:18  Zergling x2  
  38  3:19  Zergling x2  
  41  3:21  Zergling x2  
  41  3:23  Zergling x2  
  41  3:25  Zergling x2  
  44  3:27  Zergling x2  
  44  3:29  Zergling x2  
  46  3:34  Zergling x2  
  46  3:38  Lair  
  46  3:40  Zergling x2  
  48  3:44  Drone x2  
  48  3:45  Extractor, Drone  
  49  4:01  Extractor  
  49  4:02  Extractor  
  47  4:03  Drone x2  
  47  4:09  Overlord  
  49  4:10  Overlord  
  49  4:19  Overlord  
  49  4:30  Drone x5  
  53  4:32  Drone x4  
  53  4:33  Drone x2  
  53  4:35  Drone  
  53  4:37  Drone  
  59  4:39  Drone x3  
  59  4:43  Drone  
  60  4:46  Spire  
  60  4:51  Drone  
  60  4:52  Drone x2, Extractor  
  60  4:53  Extractor  
  60  4:54  Drone  
  60  4:58  Drone  
  60  4:59  Drone  
  59  5:03  Drone  
  59  5:04  Drone  
  61  5:07  Drone  
  61  5:08  Drone  
  61  5:09  Drone x2  
  61  5:11  Spore Crawler  
  64  5:14  Drone  
  64  5:15  Drone  
  64  5:17  Spore Crawler  
  65  5:21  Drone x3  
  65  5:23  Drone  
  65  5:24  Drone  
  65  5:26  Drone  
  71  5:34  Overlord x4  
  71  5:36  Overlord  
  71  5:46  Hatchery  
  70  6:01  Mutalisk x5  
  70  6:02  Mutalisk x4  
  88  6:07  Drone x2  
  88  6:08  Drone x2  
  92  6:14  Drone x3  
  92  6:17  Drone x2  
  97  6:19  Drone  
  97  6:22  Mutalisk  
  97  6:24  Drone  
  102  6:25  Drone x2  
  102  6:26  Drone  
  102  6:30  Mutalisk  
  106  6:33  Overlord  
  106  6:37  Overlord  
  106  6:38  Overlord x2  
  106  6:41  Extractor  
  106  6:43  Overlord  
  106  6:44  Extractor  
  106  6:46  Overlord  
  104  6:47  Overlord x4  
  104  6:48  Overseer  
  104  6:52  Zerg Flyer Weapons Level 1  
  104  6:53  Mutalisk  
  104  6:54  Mutalisk  
  104  6:58  Queen  
  110  7:02  Mutalisk  
  110  7:05  Zergling x6  
  110  7:06  Drone  
  118  7:09  Mutalisk  
  118  7:12  Drone x3  
  118  7:13  Mutalisk  
  125  7:19  Zergling x2  
  125  7:20  Zergling x2  
  125  7:21  Zergling x2  
  125  7:22  Zergling x4  
  130  7:23  Zergling x2  
  130  7:24  Zergling x4  
  130  7:26  Mutalisk  
  130  7:27  Mutalisk  
  137  7:30  Mutalisk  
  137  7:33  Zergling x2  
  137  7:34  Zergling x2  
  137  7:35  Mutalisk  
  143  7:37  Spore Crawler  
  143  7:41  Mutalisk  
  142  7:50  Mutalisk x2  
  146  7:55  Mutalisk  
  139  8:00  Mutalisk  
  139  8:03  Zergling x10  
  136  8:06  Zergling x6  
  136  8:07  Zergling x8  
  136  8:08  Zergling x4  
  136  8:09  Zergling x4  
  147  8:16  Zergling x2  
  147  8:17  Spire, Zergling x2  
  147  8:19  Zergling x2  
  149  8:21  Drone  
  149  8:26  Evolution Chamber  
  149  8:27  Drone, Evolution Chamber  
  149  8:28  Infestation Pit  
  149  8:30  Mutalisk x2  
  152  8:35  Zergling x2  
  152  8:36  Zergling x2  
  152  8:38  Zergling x2  
  152  8:39  Hatchery  
  152  8:40  Zergling x2  
  155  8:45  Drone, Mutalisk  
  155  8:46  Mutalisk  
  155  8:47  Drone  
  161  8:48  Drone  
  161  8:52  Overseer  
  161  8:54  Mutalisk  
  164  8:59  Zergling x2  
  164  9:00  Zergling x4  
  164  9:02  Zergling x6  
  170  9:07  Zergling x2  
  170  9:08  Zergling x2  
Show
View Real Time Build Order
Export as new Build Order

Brucutu Protoss 

Build Orders:  

Get SALT Encoding   

  1  0:00  Probe  
  13  0:25  Probe  
  14  0:29  Pylon  
  14  0:41  Probe  
  15  0:47  Forge  
  15  1:00  Assimilator  
  15  1:09  Pylon  
  15  1:24  Pylon  
  15  1:28  Photon Cannon  
  15  1:32  Photon Cannon  
  14  1:58  Probe  
  14  2:04  Photon Cannon  
  14  2:06  Probe  
  15  2:15  Pylon  
  16  2:21  Pylon  
  16  2:29  Pylon  
  16  2:35  Photon Cannon  
  15  2:53  Photon Cannon  
  15  2:55  Photon Cannon  
  15  3:19  Gateway  
  15  3:26  Photon Cannon  
  15  3:30  Pylon  
  15  3:49  Pylon  
  15  4:08  Photon Cannon  
  15  4:10  Photon Cannon  
  15  4:12  Photon Cannon  
  15  4:18  Pylon  
  14  4:51  Assimilator  
  14  5:07  Probe  
  14  5:12  Assimilator  
  15  5:16  Pylon  
  15  5:20  Probe  
  16  5:25  Cybernetics Core  
  16  5:32  Probe  
  17  5:40  Nexus  
  17  5:44  Probe  
  18  5:53  Probe  
  19  6:01  Probe  
  19  6:09  Probe  
  21  6:19  Stargate  
  21  6:37  Stargate  
  21  6:44  Gateway  
  21  6:55  Gateway  
  21  7:02  Probe  
  22  7:10  Probe  
  22  7:12  Phoenix  
  23  7:19  Probe  
  26  7:32  Probe x2  
  28  7:44  Probe x2  
  28  7:50  Oracle  
  29  8:08  Phoenix  
  31  8:27  Probe, Phoenix  
  31  8:30  Phoenix  
  36  8:35  Probe  
  37  8:45  Probe  
  38  8:50  Phoenix  
  38  8:57  Probe  
  41  9:09  Probe  
  42  9:15  Pylon  
  42  9:16  Pylon  
Show
View Real Time Build Order
Export as new Build Order

JaySlays Protoss 

Build Orders:  

Get SALT Encoding   

  12  0:01  Probe  
  13  0:13  Probe  
  14  0:19  Pylon  
  14  0:25  Probe  
  15  0:34  Assimilator  
  15  0:37  Probe  
  16  0:52  Gateway  
  16  0:53  Probe  
  17  1:17  Probe  
  17  1:25  Probe  
  19  1:33  Probe  
  20  1:53  Cybernetics Core  
  20  1:55  Zealot  
  20  1:57  Probe  
  23  2:07  Nexus  
  23  2:16  Pylon  
  23  2:34  Adept  
  23  2:44  Stargate  
  22  2:49  Probe  
  23  3:01  Probe  
  24  3:14  Probe  
  23  3:21  Stargate  
  23  3:26  Probe  
  24  3:38  Probe  
  24  3:39  Void Ray  
  27  3:50  Probe, Assimilator  
  28  4:00  Probe  
  29  4:04  Assimilator  
  29  4:05  Probe  
  29  4:08  Probe  
  30  4:16  Probe  
  31  4:17  Probe  
  33  4:28  Probe  
  34  4:40  Probe  
  34  4:41  Probe  
  36  4:52  Probe  
  36  4:53  Probe  
  36  4:54  Pylon  
  38  5:02  Void Ray  
  38  5:08  Pylon  
  38  5:12  Probe x2  
  44  5:20  Pylon  
  44  5:23  Pylon  
  44  5:24  Probe x2  
  44  5:26  Void Ray  
  50  5:32  Gateway  
  50  5:40  Assimilator  
  50  5:48  Void Ray  
  50  5:49  Fleet Beacon  
  50  5:59  Probe  
  50  6:02  Probe  
  56  6:07  Probe  
  57  6:14  Probe  
  58  6:21  Void Ray x2  
  66  6:48  Probe x2, Cybernetics Core  
  68  7:00  Probe  
  69  7:02  Pylon  
  69  7:04  Pylon  
  69  7:08  Void Ray  
  69  7:09  Void Ray  
  69  7:18  Pylon  
  69  7:20  Pylon  
  77  7:31  Protoss Air Weapons Level 1  
  77  7:43  Void Ray  
  77  7:52  Void Ray  
  73  8:02  Stargate  
  73  8:03  Stargate  
  61  8:13  Shield Battery  
  61  8:15  Probe x2  
  63  8:22  Stargate  
  63  8:29  Forge  
  63  8:44  Void Ray  
  63  8:46  Shield Battery  
  71  8:49  Shield Battery  
Show
View Real Time Build Order
Export as new Build Order

Wolf Zerg 

Build Orders: Hatch First 

Get SALT Encoding   

  12  0:01  Drone  
  13  0:13  Overlord  
  13  0:18  Drone  
  14  0:31  Drone x2  
  16  0:37  Drone  
  17  0:58  Hatchery  
  17  1:02  Drone x2  
  18  1:22  Drone x2  
  20  1:26  Extractor  
  20  1:27  Spawning Pool  
  18  1:50  Drone x2  
  20  2:17  Zergling x8  
  24  2:27  Queen x2  
  28  2:30  Overlord  
  27  2:50  Drone x4  
  31  2:53  Metabolic Boost  
  31  2:56  Zergling x2  
  32  3:01  Roach Warren  
  30  3:28  Drone, Overlord x2  
  31  3:44  Roach  
  31  3:45  Roach  
  31  3:48  Overlord, Roach  
  37  3:50  Zergling x2  
  35  4:03  Extractor, Drone x4  
  35  4:04  Drone x5  
  35  4:08  Extractor  
  42  4:11  Extractor  
  42  4:15  Roach  
  43  4:23  Roach  
  45  4:28  Roach x2  
  48  4:36  Roach  
  48  4:38  Zergling x4  
  29  5:00  Drone x8  
  36  5:14  Roach x2  
  40  5:15  Zergling x2  
  40  5:17  Queen  
  43  5:40  Roach x3  
  43  5:41  Roach  
  51  5:47  Drone  
  51  5:48  Drone  
  53  6:03  Drone x5  
  51  6:50  Roach x4  
  51  6:53  Overlord x4  
  51  6:54  Overlord  
  59  6:56  Lair  
  59  7:09  Overlord  
  59  7:10  Overlord x2  
  59  7:28  Roach x5  
  69  8:02  Roach x3  
  69  8:03  Roach x7  
  67  8:32  Hydralisk Den  
  66  8:48  Spore Crawler  
  65  8:49  Spore Crawler  
  64  9:01  Hydralisk x5  
  64  9:02  Hydralisk x3  
Tags
 
Add a new tag
Caveats
  • Supply blocks, unpowered buildings, or Contaminate may cause inaccurate times.
  • Supply counts are checked every 10 seconds.